 Dungeon Crawl Stone Soup version 0.14-a0-736-g2a71271 (webtiles) character file.

102 Malachi the Insei (level 3, 0/26 HPs)
             Began as a Demonspawn Transmuter on Nov 7, 2013.
             Slain by a gnoll
             ... wielding a +1,+1 spear
              (3 damage)
             ... on Level 1 of the Dungeon.
             The game lasted 00:03:28 (2128 turns).

Malachi the Insei (Demonspawn Transmuter)           Turns: 2128, Time: 00:03:29

HP   0/26        AC  3     Str 10      XL: 3   Next: 94%
MP   3/4         EV 11     Int 15      God:
Gold 37          SH  0     Dex 13      Spells:  3 memorised,  0 levels left

Res.Fire  : . . .   See Invis. : .     - Unarmed
Res.Cold  : + . .   Warding    : .   o - +0 elf leather armour
Life Prot.: . . .   Conserve   : .   (no shield)
Res.Poison: .       Res.Corr.  : .   (helmet restricted)
Res.Elec. : .       Clarity    : .   (no cloak)
Sust.Abil.: . .     Spirit.Shd : .   (no gloves)
Res.Mut.  : .       Stasis     : .   (boots unavailable)
Res.Rott. : .       Flight     : .   (no amulet)
Saprovore : . . .                    (no ring)
                                     (no ring)

@: appendage, not resistant to hostile enchantments, unstealthy
A: antennae 1, talons 3, cold resistance 1
a: End Transformation


You were on level 1 of the Dungeon.
You were hungry.
You had grown temporary talons.
You visited 1 branch of the dungeon, and saw 2 of its levels.

You collected 37 gold pieces.

Inventory:

Missiles
 b - 10 arrows
 g - 3 needles of paralysis
Armour
 c - a +0 robe
 o - a +0 elven leather armour (worn)
Comestibles
 a - 2 bread rations
Scrolls
 e - a scroll of enchant weapon II {unknown}
 i - 2 scrolls of amnesia {unknown}
 k - a scroll of recharging {unknown}
 m - 2 scrolls of identify {unknown}
Potions
 f - 2 potions of brilliance {unknown}
 h - a potion of magic {unknown}
 j - a potion of restore abilities {unknown}
 l - a potion of confusion {unknown}
Books
 d - a book of Changes

   Spells                             Type                      Level
   *Beastly Appendage                 Transmutation                1
   *Sticks to Snakes                  Transmutation                2
   *Spider Form                       Transmutation/Poison         3
   Ice Form                           Ice/Transmutation            4
   Blade Hands                        Transmutation                5


   Skills:
 - Level 1.1 Fighting
 - Level 1.9 Dodging
 - Level 0.4 Stealth
 + Level 3.7 Unarmed Combat
 - Level 2.0 Spellcasting
 * Level 2.5 Transmutations
 * Level 0.2 Poison Magic


You couldn't memorise any spells.
You knew the following spells:

 Your Spells              Type           Power        Failure   Level  Hunger
a - Beastly Appendage     Trmt           #.....       10%         1    #......
b - Sticks to Snakes      Trmt           #.........   12%         2    ###....
c - Spider Form           Trmt/Pois      #.........   43%         3    ####...


Dungeon Overview and Level Annotations

Branches:
Dungeon (2/27)

Altars:


Innate Abilities, Weirdness & Mutations

You have a pair of small antennae on your head.*
Your flesh is cold resistant.*
You have claws for feet.*


Message History

Casting: Beastly Appendage
Confirm with . or Enter, or press ? or * to list all spells.
Your feet morph into talons.
The gnoll hits you with a spear!
You hit the gnoll. You claw the gnoll, but do no damage.
The gnoll is moderately wounded.
The gnoll hits you with a spear!
You closely miss the gnoll.
The gnoll is moderately wounded.
The gnoll hits you but does no damage.
You hit the gnoll but do no damage.
The gnoll is moderately wounded.
The gnoll hits you with a spear.
You hit the gnoll.
The gnoll is heavily wounded.
The gnoll hits you with a spear.
* * * LOW HITPOINT WARNING * * *
You are too injured to fight recklessly!
The gnoll hits you from afar with a spear.
You die...

....###.......#..>###.#
#...##.#.#..##.%......#
#...#.#..##.##.##.##..#
....####.##.##.##.##..####
#...# ##................#
#...####....##.##.#..###.#
....#.#..#####.#..#..# #.#
...###...# #.......# #.#
...# #.### ###@##.####.#
..## #.# #.......##.# .###
#.# #.g##.#.##.# ##.# #.#
#..##.#.##.# #..# #.#
#..##.#.##.#
..(###.########..#..#.##.#
.....#.##..........##.##.#
.#.#.#...)...............#
.....(....#######..#######


You could see a gnoll.

Vanquished Creatures
  An adder (D:2)
  A giant mite (D:2)
  A worm (D:2)
  A giant gecko (D:1)
  An ooze (D:1)
  3 giant cockroaches (D:2)
  4 hobgoblins
  5 jackals
  A quokka (D:2)
  3 bats (D:1)
  5 giant newts
  7 goblins
  7 kobolds
  4 rats
44 creatures vanquished.

Notes
Turn   | Place    | Note
--------------------------------------------------------------
     0 | D:1      | Malachi, the Demonspawn Transmuter, began the quest for the Orb.
     0 | D:1      | Reached XP level 1. HP: 15/15 MP: 1/1
   356 | D:1      | Reached skill level 3 in Unarmed Combat
   390 | D:1      | You fall through a shaft!
   556 | D:2      | Gained mutation: Your flesh is cold resistant. [demonic ancestry]
   556 | D:2      | Reached XP level 2. HP: 16/21 MP: 0/3
   767 | D:2      | Gained mutation: You have a pair of small antennae on your head. [demonic ancestry]
   767 | D:2      | Reached XP level 3. HP: 24/26 MP: 2/4
   906 | D:2      | Learned a level 2 spell: Sticks to Snakes
  1201 | D:2      | Learned a level 3 spell: Spider Form
  2128 | D:1      | Slain by a gnoll

Action                   || total
-------------------------++-------
Melee: Unarmed           ||   132
 Cast: Beastly Appendage ||    28
       Sticks to Snakes  ||     2
